 Dungeon Crawl Stone Soup version 0.20.0-1-g1cb1d84 (webtiles) character file.

1725166 Lochraine the Slayer (level 26, 207/258 HPs)
             Began as a Minotaur Berserker on May 26, 2017.
             Was a High Priest of Trog.
             Escaped with the Orb
             ... and 3 runes!
             The game lasted 03:26:28 (65366 turns).

Lochraine the Slayer (Minotaur Berserker)          Turns: 65366, Time: 03:26:28

Health: 207/258    AC: 44    Str: 26    XL:     26   Next: 58%
Magic:  24/24      EV: 12    Int:  7    God:    Trog [*****.]
Gold:   3726       SH: 32    Dex: 19    Spells: 25/25 levels left

rFire    + + .     SeeInvis +   a - +7 broad axe (elec)
rCold    + + +     Gourm    .   z - +0 large shield
rNeg     + + .     Faith    .   e - +4 gold dragon scales
rPois    +         Spirit   .   (helmet unavailable)
rElec    +         Reflect  +   W - +2 cloak of the Thief {+Fog Slay-2 SInv Stlth+}
rCorr    +         Harm     .   R - +2 pair of gloves "Sowizxao" {rN++ MP-9 Int+3 Dex+3}
MR       +++..                  P - +0 pair of boots of the Beggar {+Inv rF+ rC++ Str-5}
Stlth    ..........             w - amulet of the Countless Orbs {Reflect rElec SH+2}
Regen    0.0/turn               k - +5 ring of protection
MPRegen  0.2/turn               I - ring of Hedonism {rCorr *Contam MR++ Str-2 Dex+3}

@: hasted, very quick
A: retaliatory headbutt, horns 3, large bone plates 1, agile 1, deterioration 1,
inhibited regeneration, evolution 1, subdued magic 1
0: Orb of Zot
}: 3/15 runes: barnacled, slimy, gossamer
a: Berserk, Trog's Hand, Brothers in Arms, Burn Spellbooks, Renounce Religion,
Evoke Fog, Evoke Invisibility


You escaped.
You worshipped Trog.
Trog was extremely pleased with you.
You were not hungry.

You visited 10 branches of the dungeon, and saw 53 of its levels.
You also visited: Labyrinth, Ossuary and Volcano.

You collected 6248 gold pieces.
You spent 2522 gold pieces at shops.

Inventory:

Hand Weapons
 a - a +7 broad axe of electrocution (weapon)
   (You acquired it on level 9 of the Dungeon)
 b - a +4 antimagic broad axe
   (Trog gifted it to you on level 3 of the Vaults)
Missiles
 j - 26 javelins (quivered)
 Q - 4 throwing nets {!f}
Armour
 e - +4 gold dragon scales (worn)
   (You found it on level 2 of the Depths)
 h - a +1 hat of magic resistance
   (You found it on level 5 of the Pits of Slime)
 z - a +0 large shield (worn)
   (You took it off a vault guard on level 1 of the Vaults)
 P - the +0 pair of boots of the Beggar (worn) {+Inv rF+ rC++ Str-5}
   (You bought it in a shop on level 1 of the Orcish Mines)

   It affects your strength (-5).
   It protects you from fire.
   It greatly protects you from cold.
   It lets you turn invisible.
 R - the +2 pair of gloves "Sowizxao" (worn) {rN++ MP-9 Int+3 Dex+3}
   (You found it on level 5 of the Pits of Slime)

   It affects your intelligence (+3).
   It affects your dexterity (+3).
   It greatly protects you from negative energy.
   It affects your magic capacity (-9).
 W - the +2 cloak of the Thief (worn) {+Fog Slay-2 SInv Stlth+}
   (You found it on level 4 of the Shoals)

   It affects your accuracy and damage with ranged weapons and melee attacks
   (-2).
   It lets you see invisible.
   It makes you more stealthy.
Jewellery
 k - a +5 ring of protection (left hand)
   (You found it on level 10 of the Dungeon)
 l - the ring of Dotedgh {+Blink rElec MR+ Str+6}
   (You found it on level 3 of the Elven Halls)

   [ring of protection from magic]

   It affects your strength (+6).
   It insulates you from electricity.
   It affects your resistance to hostile enchantments.
   It lets you blink.
 w - the amulet of the Countless Orbs (around neck) {Reflect rElec SH+2}
   (You found it in a labyrinth)

   [amulet of reflection]

   It shields you and reflects attacks.
   It insulates you from electricity.
   It affects your SH (+2).
 I - the ring of Hedonism (right hand) {rCorr *Contam MR++ Str-2 Dex+3}
   (You found it on level 3 of the Elven Halls)

   [ring of resist corrosion]

   It affects your strength (-2).
   It affects your dexterity (+3).
   It affects your resistance to hostile enchantments.
   It causes magical contamination when unequipped.
Wands
 c - a wand of disintegration (2/24)
   (You found it on level 3 of the Depths)
 d - a wand of iceblast (1/15)
   (You found it on level 2 of the Spider Nest)
 m - a wand of enslavement (7/24)
   (You took it off Maurice on level 11 of the Dungeon)
 s - a wand of scattershot (3/9)
   (You took it off an orc on level 2 of the Vaults)
 u - a wand of paralysis (5/24)
   (You found it on level 3 of the Spider Nest)
 v - a wand of digging (12/24)
   (You found it on level 1 of the Shoals)
 y - a wand of confusion (19/48)
   (You found it in a labyrinth)
 Y - a wand of acid (1/15)
   (You found it on level 1 of the Depths)
 Z - a wand of clouds (1/9)
   (You bought it in a shop on level 2 of the Orcish Mines)
Scrolls
 g - 7 scrolls of magic mapping
 o - 21 scrolls of teleportation {@r4}
 p - a scroll of summoning
 B - 7 scrolls of fear
 D - 11 scrolls of identify {@r1}
 E - 5 scrolls of recharging
 F - a scroll of holy word
 K - 9 scrolls of remove curse {@r2}
 L - 3 scrolls of blinking
 T - 2 scrolls of silence
Potions
 n - 4 potions of heal wounds {@q2}
 r - 11 potions of curing {@q1}
 C - 4 potions of cancellation
 H - 8 potions of lignification {!q}
 U - 5 potions of invisibility
 V - a potion of agility
 X - 6 potions of resistance
Miscellaneous
 f - a phial of floods
   (You found it on level 3 of the Vaults)
 t - a lamp of fire (inert)
   (You found it on level 5 of the Pits of Slime)
 G - a fan of gales
   (You found it on level 5 of the Pits of Slime)
 M - a lightning rod (4/4) {!a}
   (You found it on level 2 of the Depths)
 N - a box of beasts
 O - 2 phantom mirrors
Comestibles
 q - 25 bread rations


   Skills:
 + Level 25.1 Fighting
   Level 10.2 Short Blades
 - Level 23.1 Axes
   Level 4.0 Bows
 - Level 13.1 Throwing
 + Level 23.7 Armour
 - Level 9.0 Dodging
 * Level 24.8 Shields
 - Level 15.2 Evocations


You had 25 spell levels left.
You didn't know any spells.

Dungeon Overview and Level Annotations

Branches:
Dungeon (15/15)            Temple (0/1) D:6            Lair (6/6) D:11
 Shoals (4/4) Lair:2       Spider (4/4) Lair:4        Slime (5/5) Lair:5
    Orc (2/2) D:10            Elf (3/3) Orc:2        Vaults (4/5) D:14
  Crypt (0/3) Vaults:2     Depths (5/5) D:15            Zot (5/5) Depths:5

Altars:
Ashenzari
Dithmenos
Fedhas
Hepliaklqana
Kikubaaqudgha
Makhleb
Nemelex Xobeh
Okawaru
Qazlal
Ru
Vehumet
Xom
Beogh
Jiyva
Lugonu

Shops:
D:11 !   Orc:1 [   Orc:2 ([?(}   Elf:1 :   Elf:2 %   Vaults:2 *%?   Vaults:4 %
Depths:1 [(%[   Depths:2 =([   Depths:5 =}}

Portals:
Hell: Depths:1 Depths:2 Depths:3 Depths:5
Abyss: Depths:3 Depths:5
Pandemonium: Depths:3 Depths:5

Annotations:
D:7 1 runed door
Lair:1 exclusion: 2 oklob plants
Shoals:1 2 transporters
Elf:2 3 runed doors
Depths:4 exclusion: orange crystal statue


Innate Abilities, Weirdness & Mutations

You reflexively headbutt those who attack you in melee.
You have a pair of large horns on your head.
You are partially covered in large bone plates. (SH +4)
You are agile. (Dex +2)
Your body sometimes deteriorates upon taking damage.
You do not regenerate when monsters are visible.
You evolve.
Your spells are a little easier to cast, but a little less powerful.


Message History

(N) Spider Nest (M) Slime Pits (O) Orcish Mines (E) Elven Halls (V) Vaults (C) Crypt (U) Depths (H) Hell (Z) Zot
Where to? (Enter - D:8 @ (x,y), ? - help)
Okay, then.
(D) Dungeon (T) Temple (L) Lair (A) Shoals (N) Spider Nest (M) Slime Pits (O) Orcish Mines (E) Elven Halls (V) Vaults (C) Crypt (U) Depths (H) Hell (Z) Zot
Where to? (Enter - D:8 @ (x,y), ? - help)
What level of the Dungeon? (default 1, ? - help)
There is a stone staircase leading up here.
You climb upwards.
There is a stone staircase leading down here.
There is a stone staircase leading up here.
You climb upwards.
There is a stone staircase leading down here.
A frilled lizard comes into view.
The frilled lizard hisses angrily.
You slice the frilled lizard!!
You kill the frilled lizard!
Trog accepts your kill.
A large abomination comes into view.
There is a stone staircase leading up here.
You block the large abomination's attack.
You climb upwards.
There is a stone staircase leading down here.
(D) Dungeon (T) Temple (L) Lair (A) Shoals (N) Spider Nest (M) Slime Pits (O) Orcish Mines (E) Elven Halls (V) Vaults (C) Crypt (U) Depths (H) Hell (Z) Zot
Where to? (Enter - D:1 @ (x,y), ? - help)
You see here 2 stones.
Your magical contamination has completely faded away.
You see here a stone.
You see here a stone.
You see here a stone.
There is a stone staircase leading up here.
You climb upwards.
There is a stone staircase leading down here.
There is a stone staircase leading up here.
You climb upwards.
There is a stone staircase leading down here.
A sixfirhy comes into view.
The rock shatters into small pieces.
This wand has 12 charges left.
You feel yourself speed up. You block the sixfirhy's attack.
The sixfirhy hits you but does no damage.
You block the sixfirhy's attack. x2
There is a staircase leading out of the dungeon here.
You have escaped!

........#.#..#.#
........#.##.#.### ######
..........#......# #....#
.....######.##...### #....#
.....######........# #)...#
.>..#....#######3#.####....##
......##.# #.......##(......#
..######(# #[##....##.#####.#####
.........# #.#..@..#......#.#....
#.#.#.#### #.#....##.###.#....##.
#...#.######.#.#.....##..##.####.
#####.#......#.########..........
#.#.#.####....#####..###.####
#.#.#...####.............#
#.#...#.#####.############
#.###.#...)...# #.....#########


You could see a sixfirhy.

Vanquished Creatures
  the Royal Jelly (Slime:5)
  5 ancient liches (Zot:5)
  Mara (Spider:3)
  4 orbs of fire (Zot:5)
  A juggernaut (Depths:5)
  A pandemonium lord (D:8)
  2 curse toes
  4 Killer Klowns
  12 golden dragons
  A profane servitor (D:10)
  2 liches
  3 electric golems
  Jorgrun (Depths:2)
  An Ice Fiend (Depths:1)
  12 tentacled monstrosities
  Asterion (Spider:4)
  A deep elf blademaster (Depths:3)
  9 acid blobs
  28 Orb Guardians
  4 quicksilver dragons
  A sphinx (Depths:2)
  8 death cobs
  Agnes (D:14)
  4 tengu reavers
  7 azure jellies
  7 draconian monks
  7 shadow dragons
  15 storm dragons
  3 draconian scorchers
  4 fire giants
  9 ghost moths
  A deep elf sorcerer (Depths:5)
  6 frost giants
  Aizul (Spider:4)
  10 draconian knights
  7 emperor scorpions (Spider:4)
  A balrug (Depths:3)
  11 vault wardens
  2 orc warlords (Depths:3)
  5 draconian shifters
  A spriggan defender (Depths:5)
  15 very ugly things
  2 draconian stormcallers (Zot:1)
  3 draconian annihilators
  15 stone giants
  19 ironheart preservers
  2 war gargoyles
  3 entropy weavers
  A vampire knight (Depths:5)
  12 green draconians
  12 white draconians
  A deep elf annihilator (Vaults:1)
  3 deep elf demonologists
  16 yellow draconians
  15 purple draconians
  14 black draconians
  2 spark wasps
  12 red draconians
  3 merfolk javelineers
  12 ettins
  6 merfolk impalers
  2 death oozes
  Josephine (D:14)
  A deep elf death mage (Vaults:4)
  A minotaur (Lab)
  10 fire dragons
  A jiangshi (Vaults:2)
  21 great orbs of eyes
  5 hydras
  6 rakshasas
  18 yaktaur captains
  Harold (D:11)
  A deep elf high priest (Vaults:3)
  2 hell beasts
  6 ice dragons
  3 spriggan air magi (Depths:5)
  Erica (Lair:1)
  10 ogre magi
  8 vault guards
  5 merfolk aquamancers
  14 centaur warriors
  16 dancing weapons
  3 death knights
  A catoblepas (Lair:6)
  32 two-headed ogres
  A satyr (Shoals:2)
  9 death yaks (Lair:6)
  7 tengu warriors
  7 deep troll shamans
  2 orc high priests
  Nergalle (Lair:3)
  A spriggan berserker (Depths:3)
  8 deep troll earth magi
  A sun demon (D:11)
  A soul eater (Depths:5)
  A hell knight (Depths:5)
  A sixfirhy (D:7)
  7 deep elf knights
  3 shadow wraiths
  A fire crab (shapeshifter) (Vaults:3)
  11 skeletal warriors
  2 spectral anacondas (Depths:4)
  A death drake (Depths:3)
  2 unseen horrors
  7 wizards
  2 glowing orange brains
  4 flayed ghosts
  A spark wasp zombie (D:15)
  An unseen horror (shapeshifter) (Vaults:3)
  A torturous demonspawn (D:10)
  A swamp dragon (shapeshifter) (Vaults:2)
  11 sea snakes
  26 deep trolls
  4 phantasmal warriors
  A golden dragon skeleton (Depths:1)
  13 ironbrand convokers
  9 deep elf archers
  5 harpies
  3 shining eyes
  6 necromancers
  37 wolf spiders
  18 orc knights
  4 orc sorcerers
  A faun (shapeshifter) (Depths:3)
  A fire giant zombie (Vaults:4)
  9 orb spiders
  43 ugly things
  41 deep elf magi
  25 moths of wrath
  11 fauns
  4 salamanders (Volcano)
  12 manticores
  4 cyclopes
  5 black mambas
  A rust devil (Depths:3)
  An elephant (shapeshifter) (Depths:1)
  5 water nymphs
  15 merfolk sirens
  4 eyes of devastation
  Maurice (D:11)
  2 frost giant skeletons
  10 elephants
  7 spiny frogs
  2 centaur skeletons
  A torpor snail (Spider:1)
  A black mamba (shapeshifter) (Vaults:4)
  2 gargoyles
  A smoke demon (Depths:3)
  11 vault sentinels
  A storm dragon simulacrum (Depths:1)
  A yaktaur zombie (Depths:1)
  A spiny frog (shapeshifter) (Vaults:4)
  A hellion (Depths:5)
  2 guardian mummies (D:15)
  12 demonic crawlers
  3 spriggan skeletons
  A kobold demonologist (D:14)
  35 yaktaurs
  An ice devil (Depths:1)
  2 rime drakes (Lair:5)
  A hellwing (Depths:3)
  9 tengu conjurers
  8 komodo dragons
  11 trolls
  5 freezing wraiths
  A red devil (Depths:5)
  A merfolk (shapeshifter) (Depths:1)
  A troll (shapeshifter) (Depths:2)
  A queen bee (shapeshifter) (Vaults:3)
  21 merfolk
  A wind drake (Shoals:4)
  2 raiju (Depths:4)
  36 jumping spiders
  A tyrant leech (shapeshifter) (Vaults:3)
  7 hornets
  4 polar bears
  27 blink frogs
  17 hippogriffs
  72 slime creatures
  9 dream sheep
  An ice dragon zombie (Depths:1)
  A fire dragon skeleton (Depths:1)
  4 air elementals
  7 snapping turtles
  A redback (shapeshifter) (Depths:2)
  2 vampires
  A shadow (D:15)
  49 redbacks
  2 spriggans (shapeshifter)
  A ynoxinul (Depths:3)
  20 water elementals
  26 tarantellas
  3 ice dragon skeletons
  61 yaks
  An ettin skeleton (Vaults:3)
  12 wraiths
  A golden eye (shapeshifter) (Vaults:2)
  2 chaos spawn
  6 vampire mosquitoes (D:15)
  A basilisk (shapeshifter) (Vaults:2)
  4 fire elementals
  4 golden eyes
  2 hungry ghosts
  3 neqoxecs
  11 wargs
  A hydra simulacrum (Depths:4)
  An acid dragon (D:15)
  10 water moccasins
  4 porcupines
  5 hell hounds
  2 ice beasts (D:9)
  4 phantoms
  4 sky beasts
  A black bear (shapeshifter) (Vaults:1)
  A deep troll simulacrum (Depths:1)
  52 orc warriors
  An ettin simulacrum (Vaults:4)
  3 black bears
  9 boggarts
  19 wolves
  24 centaurs
  3 eyes of draining
  34 ogres
  An ogre (shapeshifter) (D:13)
  9 crocodiles
  5 big kobolds
  3 human skeletons (Vaults:4)
  A gnoll sergeant (D:9)
  A wyvern zombie (D:14)
  15 bullfrogs
  2 earth elementals
  10 scorpions
  A wyvern skeleton (D:12)
  2 human simulacra
  10 killer bees
  4 wights (D:10)
  3 electric eels
  5 howler monkeys
  9 crimson imps
  10 centaur zombies
  A bullfrog zombie (D:8)
  2 quasits
  7 hounds
  9 jellies
  22 orc priests
  34 orc wizards
  A bullfrog skeleton (D:4)
  7 human zombies
  A worker ant (shapeshifter) (Vaults:2)
  8 worker ants
  3 hound zombies (D:7)
  A big kobold zombie (Ossuary)
  A hound skeleton (D:9)
  3 mummies (Ossuary)
  8 adders
  7 gnolls (D:5)
  A howler monkey skeleton (D:6)
  3 scorpion zombies (Ossuary)
  3 shadow imps
  An ooze (D:4)
  An adder skeleton (D:7)
  A worm (shapeshifter) (D:12)
  2 worms
  2 dart slugs
  4 leopard geckos
  125 orcs
  4 bats
  4 giant cockroaches
  2 gnoll zombies (Ossuary)
  6 goblins
  6 hobgoblins
  4 iguanas
  13 jackals
  A quokka (D:10)
  3 ball pythons
  3 frilled lizards
  3 goblin zombies (Ossuary)
  A hobgoblin zombie (Ossuary)
  26 kobolds
  A leopard gecko skeleton (D:5)
  An orc zombie (Ossuary)
  2 quokka skeletons (D:4)
  2 rats
  5 fungi
  13 plants
  A withered plant (D:15)
2132 creatures vanquished.

Vanquished Creatures (collateral kills)
  Sojobo (Depths:5)
  Frederick (Depths:5)
  Saint Roka (Orc:2)
  Arachne (Spider:4)
  An Orb Guardian (Zot:5)
  2 acid blobs (Slime:5)
  A tentacled monstrosity (Zot:4)
  Frances (Spider:1)
  2 storm dragons
  An azure jelly (Slime:5)
  A frost giant (Depths:5)
  A fire giant (Depths:5)
  A draconian annihilator (Zot:2)
  A purple draconian (Zot:5)
  A black draconian (Zot:5)
  A red draconian (Zot:5)
  A yellow draconian (Depths:5)
  A merfolk javelineer (Shoals:2)
  A blizzard demon (D:8)
  2 death oozes (Slime:5)
  5 merfolk impalers
  An ice dragon (Depths:5)
  A merfolk avatar (Shoals:2)
  An alligator snapping turtle (Shoals:3)
  2 merfolk aquamancers (Shoals:4)
  2 death knights
  2 satyrs
  A soul eater (D:12)
  A sea snake (Shoals:4)
  5 harpies
  A wolf spider (Spider:4)
  2 fauns (Shoals:3)
  An orc sorcerer (Orc:2)
  2 ugly things (Depths:2)
  2 orb spiders
  2 manticores (Shoals:4)
  2 cyclopes
  A merfolk siren (Shoals:2)
  2 rust devils
  A water nymph (Shoals:4)
  A tengu conjurer (Depths:3)
  A freezing wraith (D:11)
  A troll (D:9)
  2 jumping spiders (Spider:4)
  7 merfolk
  A hornet (D:8)
  3 snapping turtles
  A flying skull (Vaults:2)
  A tarantella (Spider:4)
  A redback (Spider:1)
  2 water elementals
  2 wargs (Orc:2)
  3 orc warriors (Orc:2)
  An ogre (D:9)
  An ice beast (D:9)
  A howler monkey (D:8)
  2 orc priests (Orc:2)
  An orc wizard (Orc:2)
  14 orcs
106 creatures vanquished.

Vanquished Creatures (others)
  A tengu reaver (Depths:5)
  A shadow dragon (Zot:1)
  A draconian monk (Zot:1)
  A draconian knight (Zot:2)
  A black draconian (Depths:5)
  2 merfolk javelineers (Shoals:4)
  A yaktaur captain (Vaults:1)
  2 merfolk impalers (Shoals:4)
  2 deep elf archers
  2 cyclopes (Vaults:1)
  A moth of wrath (Zot:5)
  11 yaktaurs
  A demonic crawler (Spider:2)
  A warg (Depths:4)
  An orc warrior (Vaults:3)
  3 centaurs
  2 orcs (Vaults:3)
  A hobgoblin zombie (Ossuary)
  4 fungi
  17 plants
56 creatures vanquished.

Grand Total: 2294 creatures vanquished

Notes
Turn   | Place    | Note
-------+----------+-------------------------------------------
     0 | D:1      | Lochraine the Minotaur Berserker began the quest for the Orb.
     0 | D:1      | Reached XP level 1. HP: 19/19 MP: 0/0
    27 | D:1      | Reached XP level 2. HP: 22/27 MP: 1/1
   331 | D:1      | Reached skill level 4 in Fighting
   552 | D:2      | Reached ** piety under Trog
   552 | D:2      | Reached XP level 3. HP: 26/33 MP: 2/2
   796 | D:2      | Reached skill level 5 in Axes
  1046 | D:2      | Found a burning altar of Makhleb.
  1054 | D:2      | Reached XP level 4. HP: 33/41 MP: 3/3
  1829 | D:4      | Reached XP level 5. HP: 47/47 MP: 4/4
  1906 | D:4      | Found a sand-covered staircase.
  1911 | Ossuary  | Entered an ossuary
  1925 | Ossuary  | Reached skill level 5 in Fighting
  2359 | Ossuary  | Reached XP level 6. HP: 54/56 MP: 5/5
  2379 | Ossuary  | Reached *** piety under Trog
  2688 | Ossuary  | Reached XP level 7. HP: 62/62 MP: 6/6
  2693 | Ossuary  | Reached skill level 5 in Armour
  2739 | Ossuary  | Reached skill level 6 in Fighting
  3415 | D:4      | Found a shimmering altar of Xom.
  3442 | D:4      | Found an ancient bone altar of Kikubaaqudgha.
  3442 | D:4      | Found a shadowy altar of Dithmenos.
  4150 | D:4      | Reached XP level 8. HP: 48/71 MP: 7/7
  4215 | D:5      | Entered Level 5 of the Dungeon
  4237 | D:5      | Found an iron altar of Okawaru.
  4308 | D:5      | Reached **** piety under Trog
  4387 | D:5      | Reached skill level 7 in Fighting
  4536 | D:5      | Reached skill level 1 in Short Blades
  5143 | D:6      | Found a staircase to the Ecumenical Temple.
  5159 | D:6      | Found a sparkling altar of Nemelex Xobeh.
  5183 | D:6      | Found a hazy altar of Hepliaklqana.
  5194 | D:6      | Reached skill level 8 in Fighting
  5618 | D:6      | Reached XP level 9. HP: 80/81 MP: 8/8
  5749 | D:7      | Found a runed door.
  5847 | D:7      | Reached skill level 5 in Short Blades
  6021 | D:7      | Found a sacrificial altar of Ru.
  6387 | D:7      | Noticed a two-headed ogre
  6396 | D:7      | Killed a two-headed ogre
  6396 | D:7      | Reached ***** piety under Trog
  6396 | D:7      | Reached skill level 9 in Fighting
  6523 | D:8      | Noticed a two-headed ogre
  6545 | D:8      | Killed a two-headed ogre
  6668 | D:8      | Reached XP level 10. HP: 82/91 MP: 9/9
  6765 | D:8      | Reached skill level 1 in Evocations
  6963 | D:8      | Noticed a two-headed ogre
  6976 | D:8      | Killed a two-headed ogre
  7119 | D:8      | Noticed a cyan ugly thing
  7173 | D:8      | Killed a cyan ugly thing
  7173 | D:8      | Reached skill level 10 in Fighting
  7854 | D:9      | Reached skill level 5 in Shields
  7863 | D:9      | Reached skill level 10 in Armour
  7875 | D:9      | Identified 2 scrolls of acquirement
  7970 | D:9      | Noticed a centaur warrior
  7978 | D:9      | Killed a centaur warrior
  7995 | D:9      | Reached XP level 11. HP: 39/101 MP: 12/12
  8007 | D:9      | Received a gift from Trog
  8551 | D:10     | Entered Level 10 of the Dungeon
  8780 | D:10     | Noticed a two-headed ogre
  8795 | D:10     | Killed a two-headed ogre
  9150 | D:10     | Found a staircase to the Orcish Mines.
  9296 | D:11     | Noticed a cyan ugly thing
  9307 | D:11     | Killed a cyan ugly thing
  9474 | D:11     | Noticed Maurice
  9482 | D:11     | Killed Maurice
  9590 | D:11     | Found a labyrinth entrance.
  9598 | D:11     | Found a staircase to the Lair.
  9609 | D:11     | Reached skill level 11 in Fighting
  9654 | D:11     | Received a gift from Trog
  9674 | Lab      | Entered a labyrinth
  9852 | Lab      | Noticed a minotaur
  9856 | Lab      | Killed a minotaur
  9962 | Lab      | Identified the Reference Book on Warped Battle Magic
  9970 | Lab      | Got a clouded diamond amulet
  9971 | Lab      | Got an ebony flail
  9980 | D:11     | Identified the +4 flail "Loikyc" {freeze, Stlth+} (You found it in a labyrinth)
  9982 | D:11     | Identified the amulet of the Countless Orbs {Reflect rElec SH+2} (You found it in a labyrinth)
 10001 | D:11     | Found Ojosheci's Distillery.
 10013 | D:11     | Reached skill level 1 in Bows
 10035 | D:11     | Noticed Harold
 10061 | D:11     | Killed Harold
 10216 | D:11     | Noticed a death knight
 10222 | D:11     | Killed a death knight
 10243 | D:11     | Reached skill level 10 in Short Blades
 10243 | D:11     | Reached XP level 12. HP: 106/110 MP: 14/14
 10468 | D:11     | Bought a potion of heal wounds for 90 gold pieces
 10468 | D:11     | Bought 2 potions of haste for 360 gold pieces
 10468 | D:11     | Bought a potion of invisibility for 144 gold pieces
 10528 | Lair:1   | Entered Level 1 of the Lair of Beasts
 10896 | Lair:1   | Found a blossoming altar of Fedhas.
 11025 | Lair:1   | Noticed Erica
 11034 | Lair:1   | Killed Erica
 11330 | Lair:1   | Reached skill level 10 in Axes
 11593 | Lair:2   | Found a staircase to the Shoals.
 11664 | Lair:2   | Reached skill level 12 in Fighting
 12156 | Lair:3   | Noticed a seven-headed hydra
 12172 | Lair:3   | Killed a four-headed hydra
 12172 | Lair:3   | Received a gift from Trog
 12276 | Lair:3   | Reached skill level 5 in Evocations
 12296 | Lair:3   | Received a gift from Trog
 12462 | Lair:3   | Noticed Nergalle
 12468 | Lair:3   | Killed Nergalle
 12468 | Lair:3   | Reached XP level 13. HP: 61/119 MP: 15/15
 13037 | Lair:4   | Found a hole to the Spider Nest.
 13064 | Lair:4   | You fall through a shaft!
 13222 | Lair:5   | Found a staircase to the Slime Pits.
 13222 | Lair:5   | Found a viscous altar of Jiyva.
 14434 | Lair:6   | Entered Level 6 of the Lair of Beasts
 14451 | Lair:6   | Reached skill level 13 in Fighting
 14459 | Lair:5   | Reached ****** piety under Trog
 14783 | Lair:6   | Received a gift from Trog
 15354 | Lair:6   | Reached XP level 14. HP: 127/129 MP: 18/18
 16360 | D:12     | Reached skill level 14 in Fighting
 16599 | D:12     | Received a gift from Trog
 16939 | D:12     | Reached skill level 15 in Axes
 18111 | D:14     | Received a gift from Trog
 18149 | D:14     | Found a gate to the Vaults.
 18316 | D:14     | Noticed Josephine
 18322 | D:14     | Killed Josephine
 18424 | D:14     | Noticed Agnes
 18435 | D:14     | Killed Agnes
 18435 | D:14     | Reached XP level 15. HP: 139/139 MP: 20/20
 18608 | D:14     | Identified the ring "Gyricyi" {Ice +Fly rPois Str-4 Dex+8} (You found it on level 14 of the Dungeon)
 18667 | D:14     | Found a stormy altar of Qazlal.
 19099 | D:15     | Entered Level 15 of the Dungeon
 19310 | D:15     | Received a gift from Trog
 19539 | D:15     | Found a staircase to the Depths.
 19786 | D:15     | Received a gift from Trog
 20046 | D:15     | Reached skill level 15 in Fighting
 20347 | Orc:1    | Entered Level 1 of the Orcish Mines
 20347 | Orc:1    | Found Qedau's Armour Shop.
 20390 | Orc:1    | Bought the +0 pair of boots of the Beggar {+Inv rF+ rC++ Str-5} for 357 gold pieces
 20512 | Orc:1    | Paralysed by an orc sorcerer for 5 turns
 20609 | Orc:1    | Reached skill level 15 in Armour
 20622 | Orc:1    | Found a dark tunnel.
 20674 | Volcano  | Entered a volcano
 21308 | Orc:2    | Entered Level 2 of the Orcish Mines
 21343 | Orc:2    | Found a staircase to the Elven Halls.
 21359 | Orc:2    | Received a gift from Trog
 21565 | Orc:2    | Noticed Saint Roka
 21604 | Orc:2    | Killed Saint Roka
 21966 | Orc:2    | Found Iby Fokk's Antique Weapon Shop.
 21967 | Orc:2    | Found a roughly hewn altar of Beogh.
 21968 | Orc:2    | Found Yneur's Antique Armour Boutique.
 22034 | Orc:2    | Found a roughly hewn altar of Beogh.
 22051 | Orc:2    | Found Zesuikhi's Magic Scroll Boutique.
 22056 | Orc:2    | Bought a scroll of magic mapping for 49 gold pieces
 22056 | Orc:2    | Bought a scroll of enchant armour for 105 gold pieces
 22138 | Orc:2    | Found a roughly hewn altar of Beogh.
 22143 | Orc:2    | Received a gift from Trog
 22165 | Orc:2    | Found a roughly hewn altar of Beogh.
 22192 | Orc:2    | Found a roughly hewn altar of Beogh.
 22192 | Orc:2    | Found Koemiaq's Gadget Boutique.
 22242 | Orc:2    | Found Wocuthru's Weapon Shoppe.
 22296 | Orc:2    | Found a roughly hewn altar of Beogh.
 22382 | Orc:2    | Received a gift from Trog
 22395 | Orc:2    | Identified the +5 morningstar "Qifev" {speed, rElec rF+++ MR-} (Trog gifted it to you on level 2 of the Orcish Mines)
 22612 | Orc:2    | Bought a pair of runed gloves for 180 gold pieces
 22612 | Orc:2    | Bought a pair of twisted boots for 228 gold pieces
 22638 | Orc:2    | Identified the -2 pair of boots of Brilliance {-Cast rC+ MR+} (You bought it in a shop on level 2 of the Orcish Mines)
 22864 | Shoals:1 | Entered Level 1 of the Shoals
 23527 | Shoals:1 | Reached XP level 16. HP: 131/149 MP: 22/22
 23546 | Shoals:1 | Reached skill level 10 in Evocations
 25365 | Shoals:2 | Received a gift from Trog
 26635 | Shoals:3 | Reached skill level 16 in Fighting
 26669 | Shoals:3 | Received a gift from Trog
 26986 | Shoals:4 | Entered Level 4 of the Shoals
 27365 | Shoals:4 | Identified the +5 shortbow "Xaher" {velocity, Dex+4 Stlth+} (You found it on level 4 of the Shoals)
 27862 | Shoals:4 | Identified the amulet of Kamiv {RegenMP rN+ Str+3} (You found it on level 4 of the Shoals)
 28420 | Shoals:4 | Got a barnacled rune of Zot
 28859 | Spider:1 | Entered Level 1 of the Spider Nest
 28862 | Spider:1 | Noticed Frances
 28876 | Spider:1 | Killed Frances
 28876 | Spider:1 | Reached XP level 17. HP: 159/159 MP: 24/24
 29447 | Spider:2 | Got a pair of slimy gloves
 29458 | Spider:2 | Identified the +0 pair of gloves of Etaoc {rF+} (You found it on level 2 of the Spider Nest)
 29554 | Spider:2 | Got a fine chain mail
 29642 | Spider:2 | Identified the +2 chain mail of the Lobster {rN+ MR+ Slay+2 SInv} (You found it on level 2 of the Spider Nest)
 30136 | Spider:2 | Received a gift from Trog
 31097 | Spider:4 | Entered Level 4 of the Spider Nest
 31351 | Spider:4 | Noticed Aizul
 31361 | Spider:4 | Killed Aizul
 31370 | Spider:4 | Received a gift from Trog
 31498 | Spider:4 | Noticed Asterion
 31519 | Spider:4 | Killed Asterion
 31564 | Spider:4 | Reached skill level 17 in Fighting
 31571 | Spider:4 | Noticed Mara
 31572 | Spider:4 | Noticed Lochraine's illusion
 31735 | Spider:4 | Noticed Lochraine's illusion
 31949 | Spider:4 | Noticed Lochraine's illusion
 31960 | Spider:3 | Killed Mara
 32539 | Spider:4 | Reached skill level 5 in Dodging
 32741 | Spider:4 | Reached XP level 18. HP: 102/170 MP: 26/26
 32949 | Spider:4 | Received a gift from Trog
 33023 | Spider:4 | Noticed Arachne
 33039 | Spider:4 | Killed Arachne
 33400 | Spider:4 | Got a gossamer rune of Zot
 33773 | Vaults:1 | Entered Level 1 of the Vaults
 34181 | Vaults:1 | Received a gift from Trog
 34203 | Vaults:1 | Gained mutation: You occasionally shout uncontrollably at your foes. [a neqoxec]
 34205 | Vaults:1 | Gained mutation: Your spells are a little easier to cast, but a little less powerful. [a neqoxec]
 35364 | Vaults:1 | Received a gift from Trog
 35414 | Vaults:1 | Reached skill level 18 in Fighting
 35613 | Vaults:1 | Reached XP level 19. HP: 64/179 MP: 24/27
 36067 | Vaults:1 | Received a gift from Trog
 36077 | Vaults:1 | Identified the +3 broad axe of Honour {drain, Str+4} (Trog gifted it to you on level 1 of the Vaults)
 36863 | Vaults:2 | Found a staircase to the Crypt.
 37071 | Vaults:2 | Received a gift from Trog
 37394 | Vaults:2 | Found Jacor's Magic Scroll Boutique.
 37400 | Vaults:2 | Bought a scroll of teleportation for 63 gold pieces
 37400 | Vaults:2 | Bought a scroll of magic mapping for 73 gold pieces
 37400 | Vaults:2 | Bought a scroll of summoning for 199 gold pieces
 37400 | Vaults:2 | Bought a scroll of summoning for 199 gold pieces
 37566 | Vaults:2 | Found Qoomod's Food Boutique.
 37570 | Vaults:2 | Found Zuimaak's Assorted Antiques.
 37649 | Vaults:2 | Got a bound wooden ring
 37651 | Vaults:2 | Identified the ring of the Camelopard {+Fly rC+ Int+2 Slay+4} (You took it off an orc warrior on level 2 of the Vaults)
 37673 | Vaults:2 | Bought a glowing silver ring for 175 gold pieces
 38511 | Vaults:3 | Received a gift from Trog
 39420 | Vaults:3 | Reached skill level 19 in Fighting
 39421 | Vaults:3 | Reached XP level 20. HP: 177/191 MP: 29/29
 39805 | Vaults:3 | Received a gift from Trog
 41237 | Vaults:4 | Reached skill level 10 in Shields
 41406 | Vaults:4 | Received a gift from Trog
 41873 | Vaults:4 | Found Ciwediut's Food Boutique.
 42378 | Depths:1 | Entered Level 1 of the Depths
 42378 | Depths:1 | Found Vafamih's Antique Armour Boutique.
 42419 | Depths:1 | Found a shattered altar of Ashenzari.
 42466 | Depths:1 | Found Tayssohy's Weapon Boutique.
 42516 | Depths:1 | Received a gift from Trog
 42531 | Depths:1 | Identified the +6 war axe "Fupt" {distort, rElec} (Trog gifted it to you on level 1 of the Depths)
 42656 | Depths:1 | Found Caofriti's Antique Armour Emporium.
 42768 | Depths:1 | Found a gateway to Hell.
 43058 | Depths:1 | Found Xiaseuj's Food Shoppe.
 43443 | Depths:2 | Reached skill level 20 in Fighting
 43452 | Depths:2 | Received a gift from Trog
 43458 | Depths:2 | Reached XP level 21. HP: 131/201 MP: 10/30
 43565 | Depths:2 | Identified the +3 broad axe of the Girdle {flame, rC+ rN+ Str+3} (Trog gifted it to you on level 2 of the Depths)
 43662 | Depths:2 | Found Highoymp's Armour Shoppe.
 43673 | Depths:2 | Found Etaqowk's Weapon Emporium.
 43674 | Depths:2 | Found Zeni's Jewellery Shoppe.
 43763 | Depths:2 | Noticed Jorgrun
 44341 | Depths:2 | Killed Jorgrun
 44762 | Depths:2 | Noticed a golden dragon
 44781 | Depths:2 | Killed a golden dragon
 44813 | Depths:2 | Reached skill level 15 in Evocations
 45558 | Depths:2 | Reached skill level 1 in Throwing
 45675 | Depths:3 | Received a gift from Trog
 46372 | Depths:3 | Reached skill level 5 in Throwing
 46438 | Depths:1 | Received a gift from Trog
 46921 | Depths:3 | Found a one-way gate leading to the halls of Pandemonium.
 47732 | Depths:3 | Reached XP level 22. HP: 201/211 MP: 32/32
 47917 | Depths:3 | Reached skill level 21 in Fighting
 48002 | Depths:3 | Identified the +10 executioner's axe of a treasure trove {chop, rC+++ Int+5 Dex-3} (You took it off a yaktaur captain on level 3 of the Depths)
 48157 | Depths:3 | Found an iron altar of Okawaru.
 48165 | Depths:3 | Identified the cursed +0 pair of gloves of Udwyol {Regen+ Stlth+} (You found it on level 3 of the Depths)
 48193 | Depths:3 | Identified a +0 pair of boots of running (You found it on level 3 of the Depths)
 48331 | Depths:3 | Found a one-way gate to the infinite horrors of the Abyss.
 48744 | Depths:5 | Entered Level 5 of the Depths
 48793 | Depths:5 | Found a corrupted altar of Lugonu.
 48920 | Depths:5 | Received a gift from Trog
 48928 | Depths:5 | Reached skill level 15 in Shields
 48931 | Depths:5 | Noticed a golden dragon
 48952 | Depths:5 | Killed a golden dragon
 48992 | Depths:5 | Found a gate to the Realm of Zot.
 49376 | Depths:5 | Reached skill level 10 in Throwing
 49419 | Depths:5 | Noticed a juggernaut
 49437 | Depths:5 | Killed a juggernaut
 49613 | Depths:5 | Found Jeimunn's Jewellery Emporium.
 49613 | Depths:5 | Found Zoodghy's Gadget Boutique.
 49613 | Depths:5 | Noticed Sojobo
 49639 | Depths:5 | Killed Sojobo
 49659 | Depths:5 | Found Cohadgh's Gadget Boutique.
 49759 | Depths:5 | Noticed Frederick
 49764 | Depths:5 | Killed Frederick
 50278 | Orc:2    | Bought a wand of clouds (6/9) for 300 gold pieces
 50305 | Elf:1    | Entered Level 1 of the Elven Halls
 50469 | Elf:1    | Received a gift from Trog
 50754 | Elf:1    | Found Ugocko's One-of-a-Kind Books.
 51307 | Elf:2    | Found a radiant altar of Vehumet.
 51336 | Elf:2    | Received a gift from Trog
 51355 | Elf:2    | Found a runed gate.
 51355 | Elf:2    | Found a runed gate.
 51355 | Elf:2    | Found a runed gate.
 51518 | Elf:2    | Found Arghi's Food Emporium.
 51621 | Elf:2    | Identified Bofruc's Compendium of Earthen Flight
 51784 | Elf:3    | Entered Level 3 of the Elven Halls
 51947 | Elf:3    | Found a magical portal.
 52409 | Elf:3    | Gained mutation: You are frail. (-10% HP) [a neqoxec]
 52889 | Elf:3    | Got a faintly glowing iron ring
 52891 | Elf:3    | Identified the ring of Hedonism {rCorr *Contam MR++ Str-2 Dex+3} (You found it on level 3 of the Elven Halls)
 52894 | Elf:3    | Got a slimy bronze ring
 52896 | Elf:3    | Identified the ring of Dotedgh {+Blink rElec MR+ Str+6} (You found it on level 3 of the Elven Halls)
 53228 | Slime:1  | Entered Level 1 of the Pits of Slime
 53230 | Slime:1  | Gained mutation: Scrolls take you a little longer to read. [a shining eye]
 53232 | Slime:1  | Gained mutation: Your body sometimes deteriorates upon taking damage. [a shining eye]
 53235 | Slime:1  | Reached XP level 23. HP: 188/199 MP: 33/33
 53585 | Slime:2  | Reached skill level 22 in Fighting
 53670 | Slime:3  | Received a gift from Trog
 53720 | Slime:5  | Entered Level 5 of the Pits of Slime
 53736 | Slime:5  | Received a gift from Trog
 53937 | Slime:5  | Found a viscous altar of Jiyva.
 53969 | Slime:5  | Noticed the Royal Jelly
 53979 | Slime:5  | Killed the Royal Jelly
 54065 | Slime:5  | Got a slimy rune of Zot
 54129 | Slime:5  | Identified the +2 pair of gloves "Sowizxao" {rN++ MP-9 Int+3 Dex+3} (You found it on level 5 of the Pits of Slime)
 54158 | Slime:5  | Identified the cursed ring of Past Mistakes {rF+ rC+ Str-3 Int+3 Dex-4} (You found it on level 5 of the Pits of Slime)
 54220 | Slime:5  | Lost mutation: You occasionally shout uncontrollably at your foes. [potion of mutation]
 54220 | Slime:5  | Lost mutation: Your spells are a little easier to cast, but a little less powerful. [potion of mutation]
 54220 | Slime:5  | Gained mutation: You do not regenerate when monsters are visible. [potion of mutation]
 54220 | Slime:5  | Lost mutation: You are frail. (-10% HP) [potion of mutation]
 54220 | Slime:5  | Gained mutation: You are partially covered in icy blue scales. (AC +2) [potion of mutation]
 54633 | Zot:1    | Entered Level 1 of the Realm of Zot
 55635 | Zot:1    | Received a gift from Trog
 56485 | Zot:1    | Found a shadowy altar of Dithmenos.
 56924 | Zot:2    | Reached XP level 24. HP: 189/234 MP: 8/33
 57271 | Zot:2    | Reached skill level 23 in Fighting
 57804 | Zot:2    | Received a gift from Trog
 59596 | Zot:5    | Entered Level 5 of the Realm of Zot
 60221 | Zot:4    | Got a spiked leather armour
 60521 | Zot:4    | Reached XP level 25. HP: 161/244 MP: 24/33
 60874 | Zot:5    | Received a gift from Trog
 60990 | Zot:5    | Noticed an ancient lich
 61123 | Zot:5    | Killed an ancient lich
 61242 | Zot:5    | Noticed an ancient lich
 61276 | Zot:5    | Noticed an ancient lich
 61293 | Zot:5    | Killed an ancient lich
 61339 | Zot:5    | Killed an ancient lich
 61399 | Zot:5    | Noticed an ancient lich
 61414 | Zot:5    | Killed an ancient lich
 61788 | Zot:5    | Reached skill level 24 in Fighting
 62022 | Zot:5    | Noticed an ancient lich
 62044 | Zot:5    | Killed an ancient lich
 62877 | Zot:5    | Noticed an orb of fire
 62881 | Zot:5    | Gained mutation: Your body often deteriorates upon taking damage. [an orb of fire]
 62891 | Zot:5    | Gained mutation: You occasionally shout uncontrollably at your foes. [an orb of fire]
 62901 | Zot:5    | Gained mutation: Your magical capacity is low. (-10% MP) [an orb of fire]
 62907 | Zot:5    | Killed an orb of fire
 62909 | Zot:5    | Lost mutation: Your magical capacity is low. (-10% MP) [potion of mutation]
 62909 | Zot:5    | Lost mutation: You occasionally shout uncontrollably at your foes. [potion of mutation]
 62909 | Zot:5    | Gained mutation: Your mind is acute. (Int +2) [potion of mutation]
 62909 | Zot:5    | Gained mutation: You are partially covered in large bone plates. (SH +4) [potion of mutation]
 63158 | Zot:5    | Noticed an orb of fire
 63215 | Zot:5    | Gained mutation: You are occasionally teleported next to monsters. [an orb of fire]
 63221 | Zot:5    | Gained mutation: Your spells are a little easier to cast, but a little less powerful. [an orb of fire]
 63235 | Zot:5    | Gained mutation: You are frail. (-10% HP) [an orb of fire]
 63237 | Zot:5    | Killed an orb of fire
 63608 | Zot:5    | Noticed an orb of fire
 63631 | Zot:5    | Lost mutation: Scrolls take you a little longer to read. [potion of mutation]
 63631 | Zot:5    | Lost mutation: You are occasionally teleported next to monsters. [potion of mutation]
 63631 | Zot:5    | Lost mutation: You are partially covered in icy blue scales. (AC +2) [potion of mutation]
 63631 | Zot:5    | Lost mutation: Your mind is acute. (Int +2) [potion of mutation]
 63631 | Zot:5    | Gained mutation: You are agile. (Dex +2) [potion of mutation]
 63631 | Zot:5    | Gained mutation: You have a somewhat thin skeletal structure. (Dex +2, Stealth) [potion of mutation]
 63675 | Zot:5    | Reached XP level 26. HP: 100/230 MP: 16/33
 63967 | Zot:5    | Noticed an orb of fire
 63971 | Zot:5    | Noticed an orb of fire
 63984 | Zot:5    | Killed an orb of fire
 63986 | Zot:5    | Gained mutation: Armour fits poorly on your strangely shaped body. [an orb of fire]
 63994 | Zot:5    | Killed an orb of fire
 64209 | Zot:5    | Received a gift from Trog
 64437 | Zot:5    | Got the Orb of Zot
 64517 | Zot:4    | Noticed Menuvvar the pandemonium lord
 64538 | Zot:3    | Noticed Ucvuapp the pandemonium lord
 64642 | Depths:5 | Lost mutation: Your body often deteriorates upon taking damage. [potion of mutation]
 64642 | Depths:5 | Lost mutation: You have a somewhat thin skeletal structure. (Dex +2, Stealth) [potion of mutation]
 64642 | Depths:5 | Gained mutation: You are weak. (Str -2) [potion of mutation]
 64642 | Depths:5 | Gained mutation: Your flesh is cold resistant. (rC+) [potion of mutation]
 64643 | Depths:5 | Lost mutation: You are frail. (-10% HP) [potion of mutation]
 64643 | Depths:5 | Lost mutation: You are weak. (Str -2) [potion of mutation]
 64643 | Depths:5 | Lost mutation: Your flesh is cold resistant. (rC+) [potion of mutation]
 64643 | Depths:5 | Lost mutation: Armour fits poorly on your strangely shaped body. [potion of mutation]
 64643 | Depths:5 | Gained mutation: You evolve. [potion of mutation]
 64643 | Depths:5 | Gained mutation: You have a pair of large horns on your head. [potion of mutation]
 64738 | Depths:1 | Reached skill level 25 in Fighting
 64748 | D:15     | Noticed Bayruc the pandemonium lord
 64768 | D:15     | Noticed Lipiofac the pandemonium lord
 65089 | D:7      | Noticed Ygecwesi the pandemonium lord
 65114 | D:8      | Killed Ygecwesi the pandemonium lord
 65366 | D:$      | Escaped with the Orb!

Skill      XL: |  1  2  3  4  5  6  7  8  9 10 11 12 13 14 15 16 17 18 19 20 21 22 23 24 25 26 |
---------------+-------------------------------------------------------------------------------+-----
Axes           | 4 5 6 7 8 9 12 14 15 17 19 20 21 22 23 | 23.1
Fighting       | 4 5 6 8 9 10 11 12 13 14 15 16 17 18 19 20 21 22 23 24 25 | 25.1
Armour         | 3 4 5 7 8 10 11 12 13 14 15 16 17 18 19 20 21 22 23 | 23.7
Short Blades   | 4 8 10 | 10.2
Evocations     | 3 4 5 6 8 9 11 12 13 14 15 | 15.2
Shields        | 6 8 9 11 13 17 19 21 23 24 | 24.8
Bows           | 2 4 |  4.0
Dodging        | 5 9 |  9.0
Throwing       | 7 11 13 | 13.1

Action                   |  1- 3 |  4- 6 |  7- 9 | 10-12 | 13-15 | 16-18 | 19-21 | 22-24 | 25-27 || total
-------------------------+-------+-------+-------+-------+-------+-------+-------+-------+-------++-------
Melee: Hand axe          |    90 |   156 |    80 |       |       |       |       |       |       ||   326
       Headbutt          |     9 |    37 |    43 |   139 |   207 |   260 |   332 |   451 |   220 ||  1698
       Rapier            |       |       |   171 |   424 |       |       |       |       |       ||   595
       War axe           |       |       |    14 |       |       |       |       |       |       ||    14
       Broad axe         |       |       |       |   166 |   919 |  1254 |  1419 |  1694 |   683 ||  6135
       Scimitar          |       |       |       |     3 |    17 |       |       |       |       ||    20
Throw: Throwing net      |       |       |       |       |       |     2 |       |       |       ||     2
       Javelin           |       |       |       |       |       |       |     3 |    23 |     2 ||    28
Invok: Berserk           |     1 |     2 |     3 |     7 |     4 |    10 |     3 |     5 |       ||    35
       Brothers in Arms  |       |       |     1 |     4 |     2 |    16 |     3 |     9 |     7 ||    42
       Burn Spellbooks   |       |       |     1 |     1 |     5 |     2 |     3 |     4 |       ||    16
       Trog's Hand       |       |       |       |       |     3 |    17 |     4 |     2 |       ||    26
 Abil: Evoke Fog         |       |       |       |       |       |     3 |     2 |       |     3 ||     8
       Evoke Invisibilit |       |       |       |       |       |       |     2 |     8 |     4 ||    14
       Evoke Flight      |       |       |       |       |       |       |     2 |       |       ||     2
Evoke: Wand              |       |       |       |     7 |    13 |    53 |    15 |    30 |    11 ||   129
       Box of beasts     |       |       |       |       |       |       |       |       |     4 ||     4
       Phial of floods   |       |       |       |       |       |       |       |       |     2 ||     2
       Lamp of fire      |       |       |       |       |       |       |       |       |     1 ||     1
       Phantom mirror    |       |       |       |       |       |       |       |       |     1 ||     1
  Use: Potion            |       |     1 |     3 |     2 |     2 |     6 |     2 |     6 |    19 ||    41
       Scroll            |       |       |     7 |    29 |     8 |    26 |    16 |    19 |     3 ||   108
 Stab: Petrified         |       |       |       |       |     7 |       |       |       |       ||     7
       Petrifying        |       |       |       |       |     1 |       |       |       |       ||     1
       Fleeing           |       |       |       |       |       |     1 |       |       |       ||     1
       Confused          |       |       |       |       |       |     1 |       |       |       ||     1
       Invisible         |       |       |       |       |       |       |    14 |    66 |    34 ||   114
       Paralysed         |       |       |       |       |       |       |     1 |       |       ||     1
       Distracted        |       |       |       |       |       |       |     1 |       |     5 ||     6
  Eat: Chunk             |     2 |     3 |     8 |    26 |    35 |    40 |    38 |    31 |       ||   183
       Royal jelly       |       |     1 |     1 |       |     3 |     6 |     3 |     2 |       ||    16
       Meat ration       |       |       |     2 |       |       |       |       |     3 |       ||     5
       Fruit             |       |       |       |       |     4 |    10 |     3 |     8 |       ||    25
       Bread ration      |       |       |       |       |       |       |       |       |     5 ||     5
Armor: Animal skin       |    12 |       |       |       |       |       |       |       |       ||    12
       Ring mail         |     4 |     1 |       |       |       |       |       |       |       ||     5
       Chain mail        |       |    74 |   121 |   229 |   313 |    66 |   214 |       |       ||  1017
       Skin              |       |       |     2 |       |       |       |       |       |       ||     2
       Plate armour      |       |       |       |       |    87 |   695 |   178 |       |       ||   960
       Gold dragon scale |       |       |       |       |       |       |   160 |   736 |   189 ||  1085
Dodge: Dodged            |    65 |    71 |   103 |   125 |   198 |   366 |   277 |   271 |   107 ||  1583
Block: Shield            |       |       |       |   279 |   566 |   865 |   671 |   167 |       ||  2548
       Reflection        |       |       |       |     9 |    55 |    73 |    81 |    43 |     6 ||   267
       Large shield      |       |       |       |       |       |       |   128 |  1235 |   603 ||  1966
       Rpst.: Scimitar   |       |       |       |       |     2 |       |       |       |       ||     2
